TOP OF THE 1ST |
West Virginia Power batting - Pitching for Greensboro Grasshoppers : RHP Glen Patterson
|
Pitching: RHP Glen Patterson
|
|
Batting: LHB Micah Boshnjaku
|
0-0: Called Strike 0-1: Ball 1-1: Ball 2-1: Foul Ball, location: 2F 2-2: Foul Ball, location: 2F 2-2: Strikes out swinging
|
Batting: RHB Ron Corn
|
0-0: Ball 1-0: Called Strike 1-1: Foul Ball, location: 2F 1-2: Ball 2-2: Ball 3-2: Fly out, F9 (Flyball, 9S, EV 92.5 MPH)
|
Batting: SHB Francisco Gutierrez
|
0-0: Called Strike 0-1: Fly out, F8 (Flyball, 89D, EV 81.9 MPH)
|
Top of the 1st over - 0 runs, 0 hits, 0 errors, 0 left on base; West Virginia 0 - Greensboro 0 |
BOTTOM OF THE 1ST |
Greensboro Grasshoppers batting - Pitching for West Virginia Power : RHP Josh Markham
|
Pitching: RHP Josh Markham
|
|
Batting: RHB Tom Thompson
|
0-0: Ball 1-0: Ball 2-0: Fly out, F7 (Flyball, 7S, EV 81.3 MPH)
|
Batting: RHB Torquato Obawole
|
0-0: Ground out 4-3 (Groundball, 4, EV 111.3 MPH)
|
Batting: RHB Isaiah Brockman
|
0-0: Swinging Strike 0-1: Foul Ball, location: 2F 0-2: Foul Ball, location: 2F 0-2: Foul Ball, location: 2F 0-2: Foul Ball, location: 2F 0-2: Foul Ball, location: 2F 0-2: Ball 1-2: SINGLE (Line Drive, 3D, EV 106.3 MPH)
|
Batting: RHB Jake Shelton
|
0-0: Called Strike 0-1: Ball 1-1: Swinging Strike 1-2: Fly out, F7 (Flyball, 7, EV 81.9 MPH)
|
Bottom of the 1st over - 0 runs, 1 hit, 0 errors, 1 left on base; West Virginia 0 - Greensboro 0 |
TOP OF THE 2ND |
West Virginia Power batting - Pitching for Greensboro Grasshoppers : RHP Glen Patterson
|
Batting: SHB Brad Day
|
0-0: Called Strike 0-1: Fly out, F9 (Flyball, 9LM, EV 85.0 MPH)
|
Batting: RHB Jose Lozano
|
0-0: Called Strike 0-1: Ball 1-1: Swinging Strike 1-2: Ground out 6-3 (Groundball, 56, EV 92.5 MPH)
|
Batting: RHB Dennis Coppolino
|
0-0: Ball 1-0: Foul Ball, location: 2F 1-1: Foul Ball, location: 2F 1-2: Strikes out looking
|
Top of the 2nd over - 0 runs, 0 hits, 0 errors, 0 left on base; West Virginia 0 - Greensboro 0 |
BOTTOM OF THE 2ND |
Greensboro Grasshoppers batting - Pitching for West Virginia Power : RHP Josh Markham
|
Batting: RHB Boof Howell
|
0-0: Called Strike 0-1: Fly out, F4 (Popup, 3S, EV 78.8 MPH)
|
Batting: RHB Masumitsu Sugiura
|
0-0: SINGLE (Groundball, 34D, EV 109.4 MPH)
|
Batting: RHB Jordan Arcidez
|
0-0: Ball Masumitsu Sugiura steals 2nd base 1-0: Called Strike 1-1: DOUBLE (Line Drive, 9LS, EV 98.1 MPH) Masumitsu Sugiura scores
|
Batting: RHB Bob Raine
|
0-0: Ball 1-0: Ground out 6-3 (Groundball, 6S, EV 75.0 MPH) Jordan Arcidez to third
|
Batting: RHB Wei-guo Tsu
|
0-0: Foul Ball, location: 2F 0-1: Ball 1-1: Foul Ball, location: 2F 1-2: SINGLE (Flyball, 34D, EV 95.6 MPH) Jordan Arcidez scores
|
Batting: RHB Tom Thompson
|
0-0: Ground out 4-3 (Groundball, 4, EV 93.8 MPH)
|
Bottom of the 2nd over - 2 runs, 3 hits, 0 errors, 1 left on base; West Virginia 0 - Greensboro 2 |
TOP OF THE 3RD |
West Virginia Power batting - Pitching for Greensboro Grasshoppers : RHP Glen Patterson
|
Batting: LHB Justin Harris
|
0-0: Ball 1-0: Ball 2-0: DOUBLE (Line Drive, 3D, EV 93.8 MPH)
|
Batting: RHB Pleun Smit
|
0-0: Ground out 5-3 (Groundball, 56, EV 90.0 MPH)
|
Batting: RHB Jesus Marquez
|
0-0: Ball 1-0: Ground out 4-3 (Groundball, 4, EV 82.5 MPH) Justin Harris to third
|
Batting: LHB Micah Boshnjaku
|
0-0: Ball 1-0: 2-RUN HOME RUN (Flyball, 89XD, EV 113.1 MPH), Distance : 428 ft
|
Batting: RHB Ron Corn
|
0-0: Called Strike 0-1: Ball 1-1: Swinging Strike 1-2: Foul Ball, location: 2F 1-2: Foul Ball, location: 2F 1-2: Strikes out swinging
|
Top of the 3rd over - 2 runs, 2 hits, 0 errors, 0 left on base; West Virginia 2 - Greensboro 2 |
BOTTOM OF THE 3RD |
Greensboro Grasshoppers batting - Pitching for West Virginia Power : RHP Josh Markham
|
Batting: RHB Torquato Obawole
|
0-0: Called Strike 0-1: Ball 1-1: SINGLE (Groundball, 56S, EV 69.4 MPH) (infield hit)
|
Batting: RHB Isaiah Brockman
|
0-0: Called Strike 0-1: Ball 1-1: Ball 2-1: Foul Ball, location: 2F 2-2: Strikes out swinging
|
Batting: RHB Jake Shelton
|
0-0: Ball 1-0: Ball Torquato Obawole steals 2nd base 2-0: Ball 3-0: Called Strike 3-1: Ground out 6-3 (Groundball, 6, EV 96.3 MPH)
|
Batting: RHB Boof Howell
|
0-0: Foul Ball, location: 2F 0-1: Ball 1-1: Foul Ball, location: 2F 1-2: Reached on error, E3 (Groundball, 34S, EV 78.8 MPH) Torquato Obawole to third
|
Batting: RHB Masumitsu Sugiura
|
0-0: Ball 1-0: Ball 2-0: Foul Ball, location: 2F 2-1: Foul Ball, location: 2F 2-2: Ball 3-2: Foul Ball, location: 2F 3-2: Foul Ball, location: 2F 3-2: Strikes out swinging
|
Bottom of the 3rd over - 0 runs, 1 hit, 1 error, 2 left on base; West Virginia 2 - Greensboro 2 |
TOP OF THE 4TH |
West Virginia Power batting - Pitching for Greensboro Grasshoppers : RHP Glen Patterson
|
Batting: SHB Francisco Gutierrez
|
0-0: Swinging Strike 0-1: Swinging Strike 0-2: Ball 1-2: Strikes out swinging
|
Batting: SHB Brad Day
|
0-0: Ball 1-0: Ground out 4-3 (Groundball, 34, EV 89.4 MPH)
|
Batting: RHB Jose Lozano
|
0-0: Called Strike 0-1: Ball 1-1: Foul Ball, location: 2F 1-2: Strikes out swinging
|
Top of the 4th over - 0 runs, 0 hits, 0 errors, 0 left on base; West Virginia 2 - Greensboro 2 |
BOTTOM OF THE 4TH |
Greensboro Grasshoppers batting - Pitching for West Virginia Power : RHP Josh Markham
|
Batting: RHB Jordan Arcidez
|
0-0: Ball 1-0: Called Strike 1-1: Fly out, F6 (Line Drive, 6, EV 65.6 MPH)
|
Batting: RHB Bob Raine
|
0-0: Ball 1-0: Called Strike 1-1: Called Strike 1-2: Strikes out swinging
|
Batting: RHB Wei-guo Tsu
|
0-0: Called Strike 0-1: Foul Ball, location: 2F 0-2: Ball 1-2: Ball 2-2: Strikes out swinging
|
Bottom of the 4th over - 0 runs, 0 hits, 0 errors, 0 left on base; West Virginia 2 - Greensboro 2 |
TOP OF THE 5TH |
West Virginia Power batting - Pitching for Greensboro Grasshoppers : RHP Glen Patterson
|
Batting: RHB Dennis Coppolino
|
0-0: Ball 1-0: SINGLE (Groundball, 56D, EV 98.1 MPH)
|
Batting: LHB Justin Harris
|
0-0: Foul Ball, location: 2F 0-1: Swinging Strike 0-2: Strikes out swinging
|
Batting: RHB Pleun Smit
|
0-0: Called Strike 0-1: Swinging Strike 0-2: Ball 1-2: Foul Ball, location: 2F 1-2: Foul Ball, location: 2F 1-2: Foul Ball, location: 2F 1-2: DOUBLE (Flyball, 8LXD, EV 101.9 MPH) Dennis Coppolino to third Runner from 3rd tries for Home, SAFE, no throw by CF
|
Batting: RHB Jesus Marquez
|
0-0: Called Strike 0-1: Ball 1-1: Ball Pleun Smit steals 3rd base (no throw) 2-1: Reached on error, E6 (Groundball, 6, EV 106.3 MPH) Pleun Smit scores
|
Batting: LHB Micah Boshnjaku
|
0-0: Ball Jesus Marquez steals 2nd base 1-0: Foul Ball, location: 2F 1-1: Fly out, F7 (Flyball, 7LS, EV 91.9 MPH)
|
Batting: RHB Ron Corn
|
0-0: Ball Wild Pitch! Jesus Marquez to third 1-0: Swinging Strike 1-1: Ball 2-1: Foul Ball, location: 2F 2-2: Ball 3-2: Foul Ball, location: 2F 3-2: Strikes out swinging
|
Top of the 5th over - 2 runs, 2 hits, 1 error, 1 left on base; West Virginia 4 - Greensboro 2 |
BOTTOM OF THE 5TH |
Greensboro Grasshoppers batting - Pitching for West Virginia Power : RHP Josh Markham
|
Batting: RHB Tom Thompson
|
0-0: Ball 1-0: Swinging Strike 1-1: Foul Ball, location: 2F 1-2: Fly out, F7 (Flyball, 7S, EV 77.5 MPH)
|
Batting: RHB Torquato Obawole
|
0-0: Foul Ball, location: 2F 0-1: Ball 1-1: Called Strike 1-2: Ball 2-2: Strikes out swinging
|
Batting: RHB Isaiah Brockman
|
0-0: Ball 1-0: Foul Ball, location: 2F 1-1: Swinging Strike 1-2: Strikes out swinging
|
Bottom of the 5th over - 0 runs, 0 hits, 0 errors, 0 left on base; West Virginia 4 - Greensboro 2 |
TOP OF THE 6TH |
West Virginia Power batting - Pitching for Greensboro Grasshoppers : RHP Glen Patterson
|
Batting: SHB Francisco Gutierrez
|
0-0: Called Strike 0-1: DOUBLE (Flyball, 9LD, EV 99.4 MPH)
|
Batting: SHB Brad Day
|
0-0: Called Strike 0-1: Called Strike 0-2: Strikes out looking
|
Batting: RHB Jose Lozano
|
0-0: Ball 1-0: Ball 2-0: Called Strike 2-1: Foul Ball, location: 2F 2-2: Ball 3-2: SINGLE (Groundball, P, EV 90.6 MPH) (infield hit) Francisco Gutierrez to third
|
Pitching: RHP Marco Quezada
|
|
Batting: RHB Dennis Coppolino
|
0-0: Ball Jose Lozano steals 2nd base 1-0: Ball Balk! Francisco Gutierrez scores Jose Lozano to third 2-0: Ground out 5-3 (Groundball, 56, EV 84.4 MPH) Jose Lozano scores
|
Batting: LHB Justin Harris
|
0-0: Ball 1-0: Ball 2-0: Called Strike 2-1: DOUBLE (Groundball, 3L, EV 101.3 MPH)
|
Batting: RHB Pleun Smit
|
0-0: Ball 1-0: Swinging Strike 1-1: Swinging Strike 1-2: Ball 2-2: Strikes out looking
|
Top of the 6th over - 2 runs, 3 hits, 0 errors, 1 left on base; West Virginia 6 - Greensboro 2 |
BOTTOM OF THE 6TH |
Greensboro Grasshoppers batting - Pitching for West Virginia Power : RHP Josh Markham
|
Batting: RHB Jake Shelton
|
0-0: Foul Ball, location: 2F 0-1: SINGLE (Groundball, 56D, EV 110.0 MPH)
|
Batting: RHB Boof Howell
|
0-0: Ball 1-0: Fielders Choice at 2nd, 4-6 (Groundball, 4, EV 88.1 MPH)
|
Batting: RHB Masumitsu Sugiura
|
0-0: Ball 1-0: Foul Ball, location: 2F 1-1: Ball 2-1: Ball 3-1: Foul Ball, location: 2F 3-2: Strikes out swinging
|
Batting: RHB Jordan Arcidez
|
0-0: Called Strike 0-1: Called Strike 0-2: Ball 1-2: Ball 2-2: DOUBLE (Line Drive, 8LXD, EV 101.9 MPH) Boof Howell to third Boof Howell scores
|
Batting: RHB Bob Raine
|
0-0: Ball 1-0: Foul Ball, location: 2F 1-1: Ball 2-1: Foul Ball, location: 2F 2-2: Ball 3-2: Base on Balls
|
Pitching: RHP Bobby Detmer
|
|
Batting: RHB Wei-guo Tsu
|
0-0: Called Strike 0-1: Ball 1-1: Fly out, F9 (Flyball, 9LM, EV 87.5 MPH)
|
Bottom of the 6th over - 1 run, 2 hits, 0 errors, 2 left on base; West Virginia 6 - Greensboro 3 |
TOP OF THE 7TH |
West Virginia Power batting - Pitching for Greensboro Grasshoppers : RHP Marco Quezada
|
Pitching: LHP Matt Payne
|
|
Batting: RHB Jesus Marquez
|
0-0: Called Strike 0-1: Foul Ball, location: 2F 0-2: Foul Ball, location: 2F 0-2: Ball 1-2: Strikes out swinging
|
Batting: LHB Micah Boshnjaku
|
0-0: Ball 1-0: Called Strike 1-1: Ball 2-1: Swinging Strike 2-2: Strikes out looking
|
Batting: RHB Ron Corn
|
0-0: Ball 1-0: Ground out 6-3 (Groundball, 6, EV 106.9 MPH)
|
Top of the 7th over - 0 runs, 0 hits, 0 errors, 0 left on base; West Virginia 6 - Greensboro 3 |
BOTTOM OF THE 7TH |
Greensboro Grasshoppers batting - Pitching for West Virginia Power : RHP Bobby Detmer
|
Batting: RHB Tom Thompson
|
0-0: Ball 1-0: Ball 2-0: Called Strike 2-1: Fly out, F9 (Line Drive, 9D, EV 95.6 MPH)
|
Batting: RHB Torquato Obawole
|
0-0: Ball 1-0: Fly out, F6 (Popup, 6MS, EV 65.0 MPH)
|
Batting: RHB Isaiah Brockman
|
0-0: Ball 1-0: Called Strike 1-1: Ground out 3-1 (Groundball, 13, EV 88.1 MPH)
|
Bottom of the 7th over - 0 runs, 0 hits, 0 errors, 0 left on base; West Virginia 6 - Greensboro 3 |
TOP OF THE 8TH |
West Virginia Power batting - Pitching for Greensboro Grasshoppers : LHP Matt Payne
|
Pitching: RHP Tamirat Abboud
|
|
Batting: SHB Francisco Gutierrez
|
0-0: Foul Ball, location: 2F 0-1: Foul Ball, location: 2F 0-2: Fly out, F7 (Flyball, 7S, EV 83.8 MPH)
|
Batting: SHB Brad Day
|
0-0: Called Strike 0-1: Called Strike 0-2: Ball 1-2: Ground out 4-3 (Groundball, 4, EV 86.3 MPH)
|
Batting: RHB Jose Lozano
|
0-0: Ball 1-0: Ball 2-0: Called Strike 2-1: Ground out 5-3 (Groundball, 5S, EV 68.8 MPH)
|
Top of the 8th over - 0 runs, 0 hits, 0 errors, 0 left on base; West Virginia 6 - Greensboro 3 |
BOTTOM OF THE 8TH |
Greensboro Grasshoppers batting - Pitching for West Virginia Power : RHP Bobby Detmer
|
Batting: RHB Jake Shelton
|
0-0: Ball 1-0: SINGLE (Groundball, 34D, EV 104.4 MPH)
|
Batting: RHB Boof Howell
|
0-0: Fly out, F7 (Flyball, 78D, EV 98.1 MPH)
|
Batting: RHB Masumitsu Sugiura
|
0-0: Called Strike 0-1: Fielders Choice at 2nd, 6-4 (Groundball, 6, EV 86.9 MPH)
|
Batting: RHB Jordan Arcidez
|
0-0: Swinging Strike 0-1: Ball 1-1: SINGLE (Line Drive, 6MD, EV 108.1 MPH) Masumitsu Sugiura to second
|
Batting: RHB Bob Raine
|
0-0: Ball 1-0: Swinging Strike 1-1: Fielders Choice at 2nd, 5-4 (Groundball, 56, EV 98.8 MPH)
|
Bottom of the 8th over - 0 runs, 2 hits, 0 errors, 2 left on base; West Virginia 6 - Greensboro 3 |
TOP OF THE 9TH |
West Virginia Power batting - Pitching for Greensboro Grasshoppers : RHP Tamirat Abboud
|
Pitching: LHP Joe Foster
|
|
Batting: RHB Dennis Coppolino
|
0-0: Called Strike 0-1: Fly out, F4 (Popup, 23, EV 90.6 MPH)
|
Batting: LHB Justin Harris
|
0-0: Swinging Strike 0-1: Foul Ball, location: 2F 0-2: Strikes out swinging
|
Batting: RHB Pleun Smit
|
0-0: Foul Ball, location: 2F 0-1: Ball 1-1: Ball 2-1: Ball 3-1: Base on Balls
|
Batting: RHB Jesus Marquez
|
Pickoff Throw to First - Error! E1 Pleun Smit to second 0-0: Ball 1-0: Swinging Strike 1-1: Foul Ball, location: 2F 1-2: Foul Ball, location: 2F 1-2: Ball 2-2: Strikes out swinging
|
Top of the 9th over - 0 runs, 0 hits, 1 error, 1 left on base; West Virginia 6 - Greensboro 3 |
BOTTOM OF THE 9TH |
Greensboro Grasshoppers batting - Pitching for West Virginia Power : RHP Bobby Detmer
|
Pitching: RHP Troy Conners
|
|
Batting: RHB Wei-guo Tsu
|
0-0: SINGLE (Groundball, 5S, EV 66.3 MPH) (infield hit)
|
Batting: RHB Tom Thompson
|
0-0: Foul Ball, location: 2F 0-1: DOUBLE (Line Drive, 89D, EV 100.6 MPH) Wei-guo Tsu to third
|
Batting: RHB Torquato Obawole
|
0-0: Swinging Strike 0-1: Ball 1-1: Foul Ball, location: 2F 1-2: Ball 2-2: Ball 3-2: Base on Balls
|
Batting: RHB Isaiah Brockman
|
0-0: Ball 1-0: Called Strike 1-1: Grounds into double play, 6-4-3 (Groundball, 6, EV 88.8 MPH) Wei-guo Tsu scores Tom Thompson to third
|
Batting: RHB Jake Shelton
|
0-0: Ball 1-0: Foul Ball, location: 2F 1-1: Swinging Strike 1-2: Foul Ball, location: 2F 1-2: Foul Ball, location: 2F 1-2: Foul Ball, location: 2F 1-2: Ball 2-2: Foul Ball, location: 2F 2-2: Ball 3-2: Base on Balls
|
Pitching: LHP Kunifusa Sakuma
|
|
Batting: RHB Boof Howell
|
0-0: Foul Ball, location: 2F 0-1: Swinging Strike 0-2: Strikes out swinging
|
Bottom of the 9th over - 1 run, 2 hits, 0 errors, 2 left on base; West Virginia 6 - Greensboro 4 |
|